 Dungeon Crawl Stone Soup version 0.24-a0-282-g1a68c911f0 (webtiles) character file.

Game seed: 7069114574841416346

355 Roikka the Slasher (level 6, 0/47 HPs)
             Began as a Demonspawn Fighter on May 3, 2019.
             Was a Follower of Yredelemnul.
             Slain by an iguana (5 damage)
             ... on level 3 of the Dungeon.
             The game lasted 00:08:16 (2977 turns).

Roikka the Slasher (Demonspawn Fighter)             Turns: 2977, Time: 00:08:17

Health: 0/47       AC: 12    Str: 22    XL:     6   Next: 36%
Magic:  0/6        EV:  4    Int:  9    God:    Yredelemnul [*.....]
Gold:   155        SH: 11    Dex: 14    Spells: 5/5 levels left

rFire    . . .     SeeInvis .   a - +0 long sword
rCold    . . .     Gourm    .   c - +1 shield
rNeg     + . .     Faith    .   w - +0 plate armour
rPois    .         Spirit   +   (no helmet)
rElec    .         Reflect  .   e - +0 cloak
rCorr    .         Harm     .   (no gloves)
MR       .....                  (no boots)
Stlth    ..........             (no amulet)
HPRegen  0.15/turn              u - ring of positive energy
MPRegen  0.20/turn              (no ring)

@: mighty
A: talons 2, magic shield, magic regeneration
a: Animate Remains, Renounce Religion


You were on level 3 of the Dungeon.
You worshipped Yredelemnul.
Yredelemnul was aware of your devotion.
You were not hungry.

You visited 1 branch of the dungeon, and saw 4 of its levels.

You collected 155 gold pieces.

Inventory:

Hand Weapons
 a - a +0 long sword (weapon)
Armour
 c - a +1 shield (worn)
 e - a +0 cloak (worn)
 w - a +0 plate armour (worn)
Jewellery
 u - a ring of positive energy (left hand)
Wands
 g - a wand of random effects (21)
Scrolls
 i - a scroll of fog
 j - a scroll of identify
 l - 2 scrolls of remove curse
 r - 3 scrolls of amnesia
Potions
 h - 2 potions of cancellation {unknown}
 k - 4 potions of heal wounds {unknown}
 m - 3 potions of flight {unknown}
 n - a potion of mutation {unknown}
 o - a potion of brilliance {unknown}
 p - a potion of lignification {unknown}
 q - a potion of degeneration {unknown}
Comestibles
 f - 3 rations
 s - 5 chunks of flesh


   Skills:
 - Level 3.0 Fighting
 * Level 4.9 Long Blades
 + Level 3.2 Armour
 + Level 4.2 Shields


You had 5 spell levels left.
You didn't know any spells.
Your spell library was empty.

Dungeon Overview and Level Annotations

Branches:
Dungeon (4/15)
 Temple: D:4-7

Altars:
Elyvilon
Yredelemnul


Innate Abilities, Weirdness & Mutations

You have razor-sharp toenails.
When hurt, damage is shared between your health and your magic reserves.
You regenerate magic rapidly.


Message History

The iguana is moderately wounded.
The iguana bites you but does no damage.
You hit the iguana. Your kick misses the iguana.
The iguana is moderately wounded.
The iguana bites you!
* * * LOW HITPOINT WARNING * * *
You block the iguana's attack.
You closely miss the iguana.
The iguana is moderately wounded.
The iguana bites you.
* * * LOW HITPOINT WARNING * * *
Your shield and plate armour prevent you from hitting the iguana.
You claw the iguana.
The iguana is heavily wounded.
The iguana bites you!
* * * LOW HITPOINT WARNING * * *
You feel very mighty all of a sudden. The iguana bites you!
You die...
Your body rises from the dead as a mindless zombie.

##### ########### ....#
#.........# .##.# #.#######.#
.##.# #.# #.# .##.# #.#######.#
.##.# #.#.....#.# .##.#
#.#.###.#.# .##.# #.#@# #.#.#
.##.# ###### #.#l###.#.##
.##.###....###.#>(......##
.##.##..[....#.#.###.#(..#
.##.##..##.#.#.#.###.#.#.#
.##.##.^...#.#.......#.#.#
.##.##...###.###.#####.#.##
.##[##.....#.#...# #.#..# ###
.##.##...#.#.#.#.#####.##.#####..


You could see an iguana.

Vanquished Creatures
  An ogre (D:3)
  An orc priest (D:2)
  A hound (D:3)
  An orc wizard (D:3)
  3 adders
  4 gnolls (D:3)
  3 oozes
  3 worms
  A dart slug (D:1)
  3 leopard geckos
  10 orcs
  3 giant cockroaches
  5 goblins
  14 hobgoblins
  8 jackals
  6 bats
  A frilled lizard (D:2)
  2 gnoll zombies (D:2)
  6 kobolds
  3 rats
79 creatures vanquished.

Notes
Turn   | Place    | Note
-------+----------+-------------------------------------------
     0 | D:1      | Roikka the Demonspawn Fighter began the quest for the Orb.
     0 | D:1      | Reached XP level 1. HP: 18/18 MP: 1/1
    52 | D:1      | Gained mutation: You have sharp toenails. [demonic
                  | ancestry]
    52 | D:1      | Reached XP level 2. HP: 21/24 MP: 2/2
   394 | D:1      | Reached XP level 3. HP: 29/29 MP: 3/3
  1441 | D:2      | Gained mutation: When hurt, damage is shared between your
                  | health and your magic reserves. [demonic ancestry]
  1441 | D:2      | Reached XP level 4. HP: 27/35 MP: 4/4
  1922 | D:2      | Found a basalt altar of Yredelemnul.
  1935 | D:2      | Became a worshipper of Yredelemnul the Dark
  2217 | D:3      | Gained mutation: You have razor-sharp toenails. [demonic
                  | ancestry]
  2217 | D:3      | Reached XP level 5. HP: 41/41 MP: 5/5
  2325 | D:3      | Found a faded altar of an unknown god.
  2349 | D:3      | Found a white marble altar of Elyvilon.
  2908 | D:4      | Reached * piety under Yredelemnul
  2932 | D:4      | Noticed an ogre
  2953 | D:3      | Gained mutation: You regenerate magic rapidly. [demonic
                  | ancestry]
  2953 | D:3      | Reached XP level 6. HP: 44/47 MP: 4/6
  2977 | D:3      | Slain by an iguana

Levels and vault maps discovered:
D:1:      sevenhm_arrival_forest_fort_large_3, layout_basic,
          chequers_serial_rivers_small_a
D:2:      layout_rooms, lemuel_zombie_altar_yredelemnul
D:3:      layout_basic, lemuel_crystal_altar,
          chequers_ecumenical_altar_simple_redux
D:4:      layout_cave_pools, fountainhead, nemelex_lonely_heart_becter

Skill      XL: |  1  2  3  4  5 |
---------------+----------------+-----
Long Blades    | 2 3 4 |  4.9
Shields        | 3 4 |  4.2
Armour         | 3 |  3.2
Fighting       | |  3.0

Action                   |  1- 3 |  4- 6 || total
-------------------------+-------+-------++-------
Melee: Long sword        |    93 |   141 ||   234
       Kick              |    21 |    44 ||    65
  Use: Scroll            |       |     8 ||     8
       Potion            |       |     1 ||     1
  Eat: Chunk             |     2 |     5 ||     7
Armor: Scale mail        |    42 |    39 ||    81
       Plate armour      |       |    36 ||    36
Dodge: Dodged            |    31 |    28 ||    59
Block: Shield            |    49 |    81 ||   130
       Rpst.: Long sword |     7 |    12 ||    19

Table legend:
 A = Non-vault XP
 B = Vault XP
 C = Vault XP percentage of total XP
 D = Non-vault monster count
 E = Vault monster count
 F = Vault count percentage of total count
                 A         B        C        D         E       F
            +---------+---------+-------+---------+---------+-------
      Total |     506 |       2 |   0.4 |      77 |       2 |   2.5
            +---------+---------+-------+---------+---------+-------
        D:1 |      78 |       0 |   0.0 |      30 |       0 |   0.0
        D:2 |     105 |       2 |   1.9 |      19 |       2 |   9.5
        D:3 |     315 |       0 |   0.0 |      24 |       0 |   0.0
        D:4 |       8 |       0 |   0.0 |       4 |       0 |   0.0
            +---------+---------+-------+---------+---------+-------
